 Dungeon Crawl Stone Soup version 0.29-a0-275-g389c0b56f3 (webtiles) character file.

Game seed: 16256275609716314752

30 spaghetti the Chucker (level 3, 0/27 HPs)
             Began as a Demonspawn Gladiator on Mar 11, 2022.
             Slain by a goblin
             ... wielding a +0 club
              (4 damage)
             ... on level 1 of the Dungeon.
             The game lasted 00:02:46 (1183 turns).

spaghetti the Chucker (Demonspawn Gladiator)        Turns: 1183, Time: 00:02:47

Health: 0/27       AC:  5    Str: 14    XL:     3   Next: 3%
Magic:  3/3        EV: 12    Int: 11    God:
Gold:   66         SH:  0    Dex: 14    Spells: 2/2 levels left

rFire   . . .      SeeInvis .   n - staff of air {!astaff}
rCold   . . .      Faith    .   (no shield)
rNeg    . . .      Spirit   .   a - +0 leather armour
rPois   .          Reflect  .   b - +0 helmet
rElec   +          Harm     .   (no cloak)
rCorr   .          Rampage  .   (no gloves)
Will    .....                   (no boots)
Stlth   +.........              (no amulet)
HPRegen 0.09/turn               (no ring)
MPRegen 0.16/turn               (no ring)

@: no status effects
A: rugged brown scales 1, magic regeneration
a: no special abilities


You were on level 1 of the Dungeon.
You visited 1 branch of the dungeon, and saw 1 of its levels.

You collected 66 gold pieces.


Innate Abilities, Weirdness & Mutations

You are partially covered in rugged brown scales. (AC +1, +3% HP)
You regenerate magic rapidly.


   Skills:
 - Level 2.0 Fighting
 + Level 2.8 Throwing
 - Level 2.6 Dodging
 - Level 2.6 Unarmed Combat
 + Level 0.7 Ice Magic
 + Level 0.9 Evocations


You had 2 spell levels left.
You didn't know any spells.
Your spell library contained the following spells:

 Spells                   Type           Power      Damage    Failure   Level
 Tukima's Dance           Hex            0%         N/A       80%         3
 Passage of Golubria      Tloc           0%         N/A       99%         4
 Yara's Violent Unravell  Hex/Tmut       0%         3d3       100%        5

Inventory:

Missiles
 c - 3 throwing nets (quivered) {=f!fthrowing}
 d - a javelin {throwing}
 f - 3 poisoned darts {throwing}
Armour
 a - a +0 leather armour (worn)
 b - a +0 helmet (worn)
Magical Staves
 n - a staff of air (weapon) {!astaff}
   (You found it on level 1 of the Dungeon)
Potions
 e - a potion of might {unknown}
 h - a potion of curing {unknown}
 j - a potion of mutation {unknown}

Dungeon Overview and Level Annotations

Branches:
Dungeon (1/15)

Altars:

.......#.# #...............###...
รท.#....#.#####.##8.8...8####
#...
..#....#............_...######...
.......########.#8.8.8.8##.......
..##..........#..##...####.......
...+.....>....##.##8.8# #.......
.###...#.#######..##.## #......#
...#...#.# #........# #......#
##.#...'.# #...@...## +......#
##.#...### #..g)K..# #......#
##.#...# #.......# #......#
##)#'### #......... #.......
#.....# #........... #.......
'.....# #............#.......
#.โ€ ...# #....................
#.....# #...........####.....
#.....# .....# #.....


You could see a goblin and a kobold.


Message History

A kobold is nearby!
The kobold hits you with a +0 dagger. ๐Ÿ˜• HP[-1]
You take 1 damage, and now have 21/22 hp.
You miss the kobold. The kobold misses you.
You hit the kobold.
You kill the kobold!
You have reached level 3!
Your experience leads to an increase in your attributes!
Increase (S)trength, (I)ntelligence, or (D)exterity?
You feel clever. x2; Your demonic ancestry asserts itself...
Rugged brown scales grow over part of your body. ๐Ÿ˜• MP[+1]
You now have 27 max hp (+5).
Your mp is fully restored (3).
A bat comes into view.
A bat is nearby!
A bat is nearby!
A bat is nearby!
Things that are here:
a +0 dagger {short}; a kobold corpse You closely miss the bat.
The bat hits you but does no damage. ๐Ÿ˜• HP[+1]
The bat hits you but does no damage. The bat completely misses you.
You closely miss the bat. The bat closely misses you.
You completely miss the bat. The bat misses you. The bat closely misses you.
You hit the bat.
You kill the bat!
f - 3 poisoned darts {throwing} ๐Ÿ˜Ž HP[+5]
Your hp is fully restored (27).
You now have 66 gold pieces (gained 12).
You open the door. You open the door.
There is an open door here.
You open the door.
There is an open door here.
There is an open door here.
There is a stone staircase leading down here.
Key pressed, stopping explore.
A kobold comes into view. It is wielding a +0 short sword.
A kobold is nearby!
The kobold shouts!
A goblin comes into view. It is wielding a +0 club.
A dart slug comes into view.
A kobold comes into view. It is wielding a +0 club.
The kobold hits you but does no damage.
The kobold shouts!
You hit the kobold but do no damage.
The kobold hits you with a +0 short sword.
The kobold hits you but does no damage. ๐Ÿ˜• HP[-4]
You take 4 damage, and now have 23/27 hp.
You closely miss the kobold. The goblin hits you with a +0 club.
The kobold hits you but does no damage. ๐Ÿ˜ฎ HP[-4]
You take 4 damage, and now have 19/27 hp.
You hit the kobold.
You kill the kobold!
The kobold closely misses you. The goblin hits you but does no damage.
The dart slug launches a dart at you. The slug dart hits you.
You barely miss the goblin. The kobold hits you but does no damage.
The goblin hits you but does no damage. The dart slug launches a dart at you.
The slug dart hits you. ๐Ÿ˜ฎ HP[-1]
You take 1 damage, and now have 18/27 hp.
You miss the goblin. The kobold hits you but does no damage.
The goblin closely misses you.
You hit the dart slug. The kobold hits you with a +0 club.
The goblin closely misses you. The kobold misses you.
The goblin hits you with a +0 club. ๐Ÿ˜ฎ HP[-4]
You take 4 damage, and now have 14/27 hp.
You hit the dart slug. The dart slug barely misses you.
The kobold hits you with a +0 club.
* * * LOW HITPOINT WARNING * * *
The goblin hits you but does no damage. ๐Ÿ˜จ HP[-1]
You take 1 damage, and now have 13/27 hp.
You completely miss the dart slug. The kobold misses you.
The dart slug briefly extends its eye-stalks.
The dart slug misses you. The goblin hits you with a +0 club.
* * * LOW HITPOINT WARNING * * *
๐Ÿ˜จ HP[-2]
You take 2 damage, and now have 11/27 hp.
You hit the dart slug. The kobold hits you but does no damage.
The goblin misses you. The dart slug misses you.
You hit the dart slug but do no damage. The kobold completely misses you.
The goblin hits you but does no damage.
The dart slug bites you but does no damage.
You hit the dart slug.
You kill the dart slug!
The kobold hits you with a +0 club.
* * * LOW HITPOINT WARNING * * *
The goblin barely misses you. The kobold hits you with a +0 club.
* * * LOW HITPOINT WARNING * * *
The goblin hits you with a +0 club.
You die...

Skill      XL: |  1 |
---------------+----+-----
Throwing       | 2 |  2.8
Fighting       | |  2.0
Dodging        | |  2.6
Unarmed Combat | |  2.6
Ice Magic      | |  0.7
Evocations     | |  0.9

Action                   || total
-------------------------++-------
Melee: Unarmed           ||    34
       Punch             ||     2
       Staff             ||    87
  Use: Scroll            ||     3
 Stab: Sleeping          ||     1
Armor: Leather armour    ||    48
Dodge: Dodged            ||    96

Levels and vault maps discovered:
D:1:      evilmike_arrival_plus, layout_basic, ebering_ecumenical_altar_ruins,
          serial_bayou_pond_c

Notes
Turn   | Place    | Note
-------+----------+-------------------------------------------
     0 | D:1      | spaghetti the Demonspawn Gladiator began the quest for the
                  | Orb.
     0 | D:1      | Reached XP level 1. HP: 16/16 MP: 1/1
     0 | D:1      | magus.rc [v1.9.6]
    30 | D:1      | You add the spells Tukima's Dance, Passage of Golubria and
                  | Yara's Violent Unravelling to your library.
    51 | D:1      | Reached skill level 2 in Throwing
   282 | D:1      | Gained mutation: You regenerate magic rapidly. [demonic
                  | ancestry]
   282 | D:1      | Reached XP level 2. HP: 20/22 MP: 2/2
   672 | D:1      | Found a faded altar of an unknown god.
  1058 | D:1      | Gained mutation: You are partially covered in rugged brown
                  | scales. (AC +1, +3% HP) [demonic ancestry]
  1058 | D:1      | Reached XP level 3. HP: 21/27 MP: 3/3
  1183 | D:1      | HP: 4/27 [kobold/+0 club (3)]
  1183 | D:1      | Slain by a goblin

Vanquished Creatures
  2 dart slugs (D:1)
  A giant cockroach (D:1)
  3 goblins (D:1)
  3 hobgoblins (D:1)
  4 jackals (D:1)
  3 kobolds (D:1)
  3 quokkas (D:1)
  A ball python (D:1)
  2 bats (D:1)
  2 frilled lizards (D:1)
  2 rats (D:1)
26 creatures vanquished.

Table legend:
 A = Non-vault XP
 B = Vault XP
 C = Vault XP percentage of total XP
 D = Non-vault monster count
 E = Vault monster count
 F = Vault count percentage of total count
                 A         B        C        D         E       F
            +---------+---------+-------+---------+---------+-------
      Total |      47 |       0 |   0.0 |      26 |       0 |   0.0
            +---------+---------+-------+---------+---------+-------
        D:1 |      47 |       0 |   0.0 |      26 |       0 |   0.0
            +---------+---------+-------+---------+---------+-------

Illustrated notes

Table legend:
 A = Kills in this place as a percentage of kills in entire the game.
 B = Kills by you in this place as a percentage of kills by you in the entire game.
 C = Kills by friends in this place as a percentage of kills by friends in the entire game.
 D = Other kills in this place as a percentage of other kills in the entire game.
 E = Experience gained in this place as a percentage of experience gained in the entire game.
 F = Experience gained in this place divided by the number of levels of this place that you have seen.
                   A       B       C       D       E      F
               +-------+-------+-------+-------+-------+----------------------
         Total | 100.0 | 100.0 |   N/A |   N/A | 100.0 |  47.0
       Dungeon | 100.0 | 100.0 |   N/A |   N/A | 100.0 |  47.0
               +-------+-------+-------+-------+-------+----------------------

Table legend: (Time is in decaauts)
 A = Elapsed time spent in this place.
 B = Non-inter-level travel time spent in this place.
 C = Inter-level travel time spent in this place.
 D = Time resting spent in this place.
 E = Time spent auto-exploring this place.
 F = Levels seen in this place.
 G = Mean time per level.
                   A        B        C        D        E       F      G
               +--------+--------+--------+--------+--------+-----+--------+
         Total |   1203 |   1203 |      0 |    180 |    753 |   1 | 1203.0 |
       Dungeon |   1203 |   1203 |      0 |    180 |    753 |   1 | 1203.0 |
               +--------+--------+--------+--------+--------+-----+--------+

Top non-repeatable levels by time:
     D:1: 1203 daAuts
